 Dungeon Crawl Stone Soup version 0.19-a0-1937-g70ed36a (webtiles) character file.

445 varam the Quickloader (level 6, 0/48 HPs)
             Began as a Centaur Hunter on Oct 26, 2016.
             Succumbed to a worker ant's poison
             ... on level 6 of the Dungeon.
             The game lasted 00:11:15 (3857 turns).

varam the Quickloader (Centaur Hunter)              Turns: 3857, Time: 00:11:15

Health: 0/48       AC:  9    Str: 17    XL:     6   Next: 72%
Magic:  6/6        EV:  7    Int: 10    God:
Gold:   145        SH:  0    Dex:  9    Spells: 0 memorised, 5 levels left

rFire  + + .     SeeInvis +     a - +1 hand crossbow
rCold  x . .     Gourm    +     u - +0 fire dragon scales
rNeg   . . .     Faith    .     (no shield)
rPois  .         Spirit   .     m - +0 helmet
rElec  .         Reflect  .     (no cloak)
rCorr  .         Harm     .     b - +0 pair of gloves
MR     .....                    (no barding)
Stlth  ..........               H - amulet of the gourmand
                                n - ring of see invisible
                                (no ring)

@: lethally poisoned (0 -> -26), very quick
A: hooves 3, deformed body, speed 2, tough skin 3
a: no special abilities


You were on level 6 of the Dungeon.
You were not hungry.

You visited 1 branch of the dungeon, and saw 5 of its levels.

You collected 145 gold pieces.

Inventory:

Hand Weapons
 a - a +1 hand crossbow (weapon)
 w - a +1 spear of flaming
Missiles
 A - 6 poisoned javelins
 C - 6 bolts (quivered)
 F - 4 silver javelins
Armour
 b - a +0 pair of gloves (worn)
 c - a +0 leather armour
 m - a +0 helmet (worn)
 u - +0 fire dragon scales (worn)
 v - a +0 buckler
Jewellery
 e - an uncursed ring of magical power
 n - a ring of see invisible (right hand)
 H - an amulet of the gourmand (around neck)
Wands
 y - a wand of confusion (17/48)
 E - a wand of flame (9/48)
 G - a wand of confusion (30/48)
Scrolls
 h - 3 scrolls of remove curse {@r2}
 i - a scroll of amnesia {unknown}
 j - 2 scrolls of fear {unknown}
 l - a scroll of random uselessness {unknown}
 r - 3 scrolls of recharging {unknown}
 s - a scroll of noise {unknown}
 x - 2 scrolls of identify {unknown}
 z - 2 scrolls of teleportation {unknown}
 B - 2 scrolls of immolation {unknown}
 I - 2 scrolls of enchant armour {unknown}
 J - a scroll of blinking {unknown}
Potions
 d - a potion of cancellation {unknown}
 g - a potion of mutation {unknown}
 o - 2 potions of haste {unknown}
 p - a potion of might {unknown}
 t - a potion of curing {unknown}
 D - a potion of resistance {unknown}
 K - a potion of berserk rage {unknown}
 M - a potion of magic {unknown}
Comestibles
 f - 6 bread rations
 k - 4 meat rations
 q - 2 beef jerkies


   Skills:
 - Level 2.0 Fighting
 + Level 8.8 Crossbows
 - Level 1.3 Dodging
 - Level 0.4 Stealth
 + Level 0.7 Shields


You had 5 spell levels left.
You didn't know any spells.

Dungeon Overview and Level Annotations

Branches:
Dungeon (4/15)
 Temple: D:4-7

Altars:

Annotations:
D:4 Eustachio, Sigmund


Innate Abilities, Weirdness & Mutations

You have hooves in place of feet.
Armour fits poorly on your strangely shaped body.
You cover ground very quickly.
You have extremely tough skin. (AC +3)


Message History

* * * LOW HITPOINT WARNING * * *
The worker ant bites you but does no damage.
You hit the worker ant. You burn the worker ant.
The worker ant is severely wounded.
* * * LOW HITPOINT WARNING * * *
You feel sick. The worker ant bites you.
* * * LOW HITPOINT WARNING * * *
Wield which item (- for none, * to show all)? (? for menu, Esc to quit)
Your +1 spear of flaming stops flaming.
a - a +1 hand crossbow (weapon)
The worker ant bites you.
* * * LOW HITPOINT WARNING * * *
You are more poisoned.
The worker ant poisons you!
Firing (i - inventory. (,) - cycle):
C - 7 bolts (quivered)
Press: ? - help, Shift-Dir - straight line, f - worker ant
Aim: a worker ant (severely wounded)
You shoot a bolt. The bolt hits the worker ant.
The worker ant is almost dead.
You die...

.# .. ######. ..$....
.....# ....... ###....#
.......### #####.......
....<.a..####...........
#..@..........#.....
#...#...............#
.....####.###(..........
#### #...# ##.....##..
#.### #..###...#. ###.#
###.## #.#...
##...####...# #.##..
#.........### #.# ##
#....####### #.#


You could see a worker ant.

Vanquished Creatures
  2 scorpions
  A hound (D:3)
  2 orc priests
  4 orc wizards
  A worker ant (D:4)
  4 adders
  An ooze (D:3)
  A worm (D:3)
  A dart slug (D:3)
  A leopard gecko (D:1)
  10 orcs
  13 bats
  6 giant cockroaches
  7 goblins
  8 hobgoblins
  3 jackals (D:3)
  4 kobolds
  A quokka (D:2)
  5 frilled lizards
  4 rats
79 creatures vanquished.

Notes
Turn   | Place    | Note
-------+----------+-------------------------------------------
     0 | D:1      | varam the Centaur Hunter began the quest for the Orb.
     0 | D:1      | Reached XP level 1. HP: 17/17 MP: 1/1
   206 | D:1      | Reached XP level 2. HP: 15/24 MP: 2/2
   276 | D:1      | Reached skill level 5 in Crossbows
   520 | D:2      | Found a faded altar of an unknown god.
   800 | D:2      | Reached XP level 3. HP: 27/29 MP: 3/3
  1423 | D:3      | Reached skill level 6 in Crossbows
  1648 | D:3      | Reached XP level 4. HP: 8/36 MP: 4/4
  2491 | D:4      | Noticed Eustachio
  2504 | D:4      | Noticed Sigmund
  2651 | D:3      | Reached skill level 7 in Crossbows
  2651 | D:3      | Reached XP level 5. HP: 35/41 MP: 5/5
  3247 | D:4      | Reached skill level 8 in Crossbows
  3273 | D:4      | Reached XP level 6. HP: 42/48 MP: 6/6
  3767 | D:4      | You fall through a shaft for 2 floors!
  3856 | D:6      | HP: 2/48 [worker ant (5)]
  3857 | D:6      | Succumbed to a worker ant's poison

Vault maps used:
D:1:      saegor_arrival_simple_b, kennysheep_pointless_box
D:2:      ecumenical_altar_1, first_bread
D:3:      grunt_ministairs_14, fountainhead
D:4:      kennysheep_vampire_church, uniq_sigmund, uniq_eustachio
D:6:      dancing_weapons_uskayaw, grunt_dithmenos_smoke_and_mirrors

Skill      XL: |  1  2  3  4  5 |
---------------+----------------+-----
Crossbows      | 5 6 7 8 |  8.8
Fighting       | |  2.0
Dodging        | |  1.3
Stealth        | |  0.4
Shields        | |  0.7

Action                   |  1- 3 |  4- 6 || total
-------------------------+-------+-------++-------
Melee: Short sword       |   157 |    76 ||   233
       Kick              |    17 |    30 ||    47
       Hand crossbow     |       |     1 ||     1
       Spear             |       |    67 ||    67
 Fire: Hand crossbow     |    39 |    37 ||    76
Throw: Javelin           |       |    10 ||    10
  Use: Potion            |     1 |       ||     1
       Scroll            |       |     1 ||     1
  Eat: Chunk             |     1 |    13 ||    14
Armor: Leather armour    |    23 |       ||    23
       Fire dragon scale |    76 |    83 ||   159
Dodge: Dodged            |    77 |    66 ||   143
